 Dungeon Crawl Stone Soup version 0.30-a0-605-gb2882149bf (webtiles) character file.

Game seed: 12190674988331303877

9034 themarg the Martial Artist (level 11, -29/100 HPs)
             Began as a Gnoll Transmuter on Jan 7, 2023.
             Was a Priest of Nemelex Xobeh.
             Killed from afar by a thorn hunter (31 damage)
             ... with a volley of thorns
             ... on level 10 of the Dungeon.
             The game lasted 00:29:12 (10875 turns).

themarg the Martial Artist (Gnoll Transmuter)      Turns: 10875, Time: 00:29:12

Health: -29/100    AC:  9    Str: 13    XL:     11   Next: 40%
Magic:  23/23      EV: 12    Int: 22    God:    Nemelex Xobeh [***...]
Gold:   1449       SH:  0    Dex: 12    Spells: 16/26 levels left

rFire   . . .      SeeInvis .      - Unarmed
rCold   + + +      Faith    +    (shield currently unavailable)
rNeg    + . .      Spirit   .    (body armour currently unavailable)
rPois   +          Reflect  .    (helmet currently unavailable)
rElec   .          Harm     .    (cloak currently unavailable)
rCorr   .          Rampage  .    (gloves currently unavailable)
Will    .....                    (boots currently unavailable)
Stlth   +++                      e - amulet of faith
HPRegen 0.36/turn                g - +4 ring of protection
MPRegen 0.18/turn                u - ring "Xouch" {rF+ rN+ Will- Str+2 Int+6}

@: ice-form, corroded
A: freezing attack, amphibious, boosted hp, large, (fangs 1), strong nose,
distributed training
a: End Transformation, Renounce Religion, Draw Escape, Draw Destruction, Draw
Summoning, Triple Draw


You were on level 10 of the Dungeon.
You worshipped Nemelex Xobeh.
Nemelex Xobeh was most pleased with you.
You were a creature of crystalline ice.
You visited 2 branches of the dungeon, and saw 11 of its levels.
You also visited: Sewer.

You collected 1449 gold pieces.

Inventory:

Hand Weapons
 l - a +4 demon whip of venom (melded)
 r - a +0 war axe of flaming
Missiles
 h - 8 boomerangs
 j - 111 stones
 t - 5 silver boomerangs
 w - 30 poisoned darts
 B - a throwing net
 E - 2 boomerangs of dispersal
 I - a curare-tipped dart
 M - 4 atropa-tipped darts
Armour
 n - a +2 cloak (melded)
 C - the +1 robe of Jofekk {Fly rC+ Dex+6}
   (You found it on level 6 of the Dungeon)

   Dex:       It affects your dexterity (+6).
   rC:        It protects you from cold.
   Fly:       It grants you flight.
 D - a +0 pair of gloves (melded)
 G - +0 steam dragon scales (melded)
 L - a scarf of shadows
 N - the +2 helmet "Ipra" (melded) {rN+}
   (You acquired it on level 10 of the Dungeon)

   rN:        It protects you from negative energy.
Jewellery
 e - an amulet of faith (around neck)
 g - a +4 ring of protection (left front paw)
 u - the ring "Xouch" (right front paw) {rF+ rN+ Will- Str+2 Int+6}
   (You found it on level 7 of the Dungeon)

   [ring of intelligence]

   Str:       It affects your strength (+2).
   Int:       It affects your intelligence (+6).
   rF:        It protects you from fire.
   rN:        It protects you from negative energy.
   Will:      It decreases your willpower.
 A - a ring of ice
 F - a ring of resist corrosion
 H - an amulet of reflection
Wands
 o - a wand of digging (2)
 p - a wand of roots (12)
 s - a wand of charming (9)
Scrolls
 a - a scroll of enchant weapon {unknown}
 d - 3 scrolls of teleportation
 k - 2 scrolls of torment
 m - 2 scrolls of fog
 v - a scroll of magic mapping {unknown}
 x - 2 scrolls of amnesia {unknown}
 y - 3 scrolls of blinking
 K - 2 scrolls of immolation {unknown}
 O - a scroll of silence {unknown}
Potions
 b - 5 potions of lignification
 c - 2 potions of ambrosia
 f - a potion of heal wounds
 i - 6 potions of curing
 q - 3 potions of brilliance
 z - 3 potions of might
 P - 2 potions of mutation


   Skills:
 + Level 7.0 Fighting
 + Level 6.5 Short Blades
 + Level 6.5 Long Blades
 + Level 6.5 Axes
 + Level 6.5 Maces & Flails
 + Level 6.5 Polearms
 + Level 6.5 Staves
 + Level 6.5 Ranged Weapons
 + Level 6.5 Throwing
 + Level 6.5 Armour
 + Level 8.0 Dodging
 + Level 6.5 Stealth
 + Level 6.5 Shields
 + Level 9.3 Unarmed Combat
 + Level 8.3 Spellcasting
 + Level 5.3 Conjurations
 + Level 5.3 Hexes
 + Level 5.3 Summonings
 + Level 5.3 Necromancy
 + Level 5.3 Translocations
 + Level 6.7 Transmutations
 + Level 5.3 Fire Magic
 + Level 5.3 Ice Magic
 + Level 5.3 Air Magic
 + Level 5.3 Earth Magic
 + Level 5.3 Poison Magic
 + Level 7.1 Invocations
 + Level 6.5 Evocations


You had 16 spell levels left.
You knew the following spells:

 Your Spells              Type           Power      Damage    Failure   Level
a - Beastly Appendage     Tmut           76%        N/A       1%          1
b - Wereblood             Tmut           38%        N/A       1%          2
c - Spider Form           Tmut/Pois      35%        N/A       1%          3
d - Ice Form              Ice/Tmut       35%        N/A       6%          4

Your spell library contained the following spells:

 Spells                   Type           Power      Damage    Failure   Level
 Freeze                   Ice            100%       1d10      1%          1
 Necrotise                Necr           100%       1d9       1%          1
 Slow                     Hex            100%       N/A       1%          1
 Confusing Touch          Hex            32%        N/A       2%          3
 Frozen Ramparts          Ice            64%        1d10      2%          3
 Hailstorm                Conj/Ice       32%        3d8       2%          3
 Vampiric Draining        Necr           32%        2d8       2%          3
 Agony                    Necr           32%        N/A       22%         5


Dungeon Overview and Level Annotations

Branches:
Dungeon (10/15)            Temple (1/1) D:4            Lair (0/5) D:9
    Orc (0/2) D:9           Sewer (visited)

Altars:
Ashenzari
Cheibriados
Dithmenos
Elyvilon
Fedhas
Gozag
Hepliaklqana
Kikubaaqudgha
Makhleb
Nemelex Xobeh
Okawaru
Qazlal
Ru
Sif Muna
Trog
Uskayaw
Vehumet
Wu Jian
Xom
Yredelemnul
Zin
The Shining One

Shops:
D:2 (   D:7 [


Innate Abilities, Weirdness & Mutations

You are a creature of crystalline ice.
You have a powerful freezing melee attack.
You are amphibious.
Your maximum health is increased.
Your armour is entirely melded.
You are incapable of wielding weapons or throwing items.
((You have very sharp teeth.))
Your uncanny sense of smell can sniff out nearby items.
Your experience applies equally to all skills.


Message History

The oklob plant is severely damaged.
You hit the oklob plant but do no damage.
The oklob plant is severely damaged.
The oklob plant spits acid at you. The splash of acid hits you!
You hit the oklob plant but do no damage.
The oklob plant is severely damaged.
The oklob plant spits acid at you. The splash of acid hits you!!
You draw a card...
You have drawn Degeneration.
The oklob plant evaporates and reforms as a thorn hunter!
The thorn hunter twists and deforms.
The thorn hunter hits you!
* * * LOW HITPOINT WARNING * * *
The thorn hunter barely misses you.
You draw a card...
You have drawn Pain.
Press: ? - help, Shift-Dir - straight line, f/p - thorn hunter
Aim: a thorn hunter (lightly damaged, misshapen and mutated)
The thorn hunter is unaffected.
The thorn hunter hits you.
* * * LOW HITPOINT WARNING * * *
The thorn hunter hits you!
* * * LOW HITPOINT WARNING * * *
You draw a card...
You have drawn the Cloud.
Clouds appear around you! The thorn hunter barely misses you.
The thorn hunter hits you but does no damage.
You draw a card...
You have drawn Vitriol.
Press: ? - help, Shift-Dir - straight line, f/p - thorn hunter
Aim: a thorn hunter (black smoke, lightly damaged, misshapen and mutated)
The glob of acid hits the thorn hunter!!
The acid corrodes the thorn hunter!
The thorn hunter is moderately damaged.
The thorn hunter hits you!
* * * LOW HITPOINT WARNING * * *
The thorn hunter hits you.
* * * LOW HITPOINT WARNING * * *
The thorn hunter fires a volley of thorns at you.
The volley of thorns hits you!!
You die...
Your body glows slightly and disappears.

##+#####.#########.###
#...... #...........#
#...... #.####..#####
##..... ...# ##[#
#..... ...#.# #.#
#..... ###....∆ ##'##
###### # #.# #...# #.#
####### #.# #.§Y#.#
#.#f§§# #.§§§§#
##...## #...# #####


You could see a thorn hunter (misshapen, corroded).

Vanquished Creatures
  A two-headed ogre (D:8)
  A komodo dragon (D:9)
  Sigmund (D:1)
  A wraith (D:9)
  22 yaks
  A steam dragon (D:7)
  Menkaure (D:5)
  2 water moccasins
  An orc warrior (D:7)
  An ice beast (D:4)
  3 sky beasts
  2 ogres
  3 centaurs (D:8)
  5 kobold brigands
  2 phantoms
  7 bullfrogs
  2 necrophages
  A gnoll sergeant (D:8)
  A scorpion (D:5)
  3 wights (D:6)
  7 killer bees
  2 electric eels (D:9)
  7 howler monkeys
  A crimson imp (D:7)
  3 hounds
  12 jellies
  6 orc priests
  4 gnoll boudas
  Crazy Yiuf (D:2)
  An iguana (D:6)
  8 orc wizards
  Robin (D:2)
  16 gnolls
  7 adders
  A white imp (D:8)
  A worm (D:4)
  4 dart slugs
  24 orcs
  7 ball pythons
  7 bats
  16 endoplasms
  9 giant cockroaches
  29 goblins
  6 hobgoblins
  6 jackals
  28 kobolds
  10 quokkas
  12 frilled lizards
  7 rats
304 creatures vanquished.

Vanquished Creatures (others)
  9 fungi
  8 plants (D:9)
17 creatures vanquished.

Grand Total: 321 creatures vanquished

Notes
Turn   | Place    | Note
-------+----------+-------------------------------------------
     0 | D:1      | themarg the Gnoll Transmuter began the quest for the Orb.
     0 | D:1      | Reached XP level 1. HP: 17/17 MP: 6/6
    93 | D:1      | Reached XP level 2. HP: 23/23 MP: 5/7
    96 | D:1      | Learned a level 2 spell: Wereblood
   615 | D:1      | Reached skill level 5 in Spellcasting
   615 | D:1      | Reached XP level 3. HP: 24/28 MP: 6/9
   619 | D:1      | Learned a level 3 spell: Spider Form
   806 | D:2      | Noticed Sigmund
   820 | D:1      | Killed Sigmund
   821 | D:1      | Reached skill level 1 in Short Blades
   821 | D:1      | Reached skill level 1 in Long Blades
   821 | D:1      | Reached skill level 1 in Axes
   821 | D:1      | Reached skill level 1 in Maces & Flails
   821 | D:1      | Reached skill level 1 in Polearms
   821 | D:1      | Reached skill level 1 in Staves
   821 | D:1      | Reached skill level 1 in Ranged Weapons
   821 | D:1      | Reached skill level 1 in Throwing
   821 | D:1      | Reached skill level 1 in Armour
   821 | D:1      | Reached skill level 1 in Stealth
   821 | D:1      | Reached skill level 1 in Shields
   821 | D:1      | Reached skill level 1 in Conjurations
   821 | D:1      | Reached skill level 1 in Hexes
   821 | D:1      | Reached skill level 1 in Summonings
   821 | D:1      | Reached skill level 1 in Necromancy
   821 | D:1      | Reached skill level 1 in Translocations
   821 | D:1      | Reached skill level 1 in Fire Magic
   821 | D:1      | Reached skill level 1 in Ice Magic
   821 | D:1      | Reached skill level 1 in Air Magic
   821 | D:1      | Reached skill level 1 in Earth Magic
   821 | D:1      | Reached skill level 1 in Poison Magic
   821 | D:1      | Reached skill level 1 in Invocations
   821 | D:1      | Reached skill level 1 in Evocations
   821 | D:1      | Reached XP level 4. HP: 12/35 MP: 4/11
   821 | D:1      | Reached XP level 5. HP: 14/41 MP: 4/12
   947 | D:2      | Noticed Robin
   968 | D:2      | Killed Robin
  1073 | D:2      | Found a runed translucent door.
  1074 | D:2      | Noticed Crazy Yiuf
  1082 | D:2      | Killed Crazy Yiuf
  1083 | D:2      | Reached XP level 6. HP: 38/47 MP: 10/14
  1541 | D:2      | Reached skill level 5 in Dodging
  1734 | D:2      | Found Huelaxt's Antique Weapon Emporium.
  2630 | D:3      | Found an ornate altar of the Wu Jian Council.
  3114 | D:4      | Found a staircase to the Ecumenical Temple.
  3135 | D:4      | Reached skill level 7 in Unarmed Combat
  3135 | D:4      | Reached XP level 7. HP: 51/52 MP: 10/15
  3510 | Temple   | Entered the Ecumenical Temple
  3727 | Temple   | Became a worshipper of Nemelex Xobeh the Trickster
  4267 | D:5      | Entered Level 5 of the Dungeon
  4270 | D:5      | Identified a scroll of acquirement
  4270 | D:5      | Acquired 845 gold pieces
  4362 | D:5      | Reached XP level 8. HP: 60/60 MP: 9/16
  4540 | D:5      | Reached * piety under Nemelex Xobeh
  4551 | D:5      | Found an opulent altar of Gozag.
  4651 | D:5      | Found a glowing drain.
  4681 | Sewer    | Entered a sewer
  5361 | D:5      | Noticed Menkaure
  5371 | D:5      | Killed Menkaure
  6054 | D:6      | Reached skill level 5 in Transmutations
  6070 | D:6      | Reached XP level 9. HP: 45/66 MP: 16/18
  6575 | D:6      | Found a white marble altar of Elyvilon.
  6577 | D:6      | Identified the +1 robe of Jofekk {Fly rC+ Dex+6}
  6692 | D:6      | Received a gift from Nemelex Xobeh
  6700 | D:6      | Reached skill level 5 in Fighting
  6972 | D:6      | Found a hazy altar of Hepliaklqana.
  6973 | D:6      | Found a basalt altar of Yredelemnul.
  7005 | D:6      | Found a broken altar of Ashenzari.
  7202 | D:6      | Found a shadowy altar of Dithmenos.
  7238 | D:6      | Learned a level 4 spell: Ice Form
  7615 | D:7      | Reached skill level 8 in Unarmed Combat
  7659 | D:7      | Found Hudaul's Armour Emporium.
  7676 | D:7      | Reached ** piety under Nemelex Xobeh
  7714 | D:7      | Identified the ring "Xouch" {rF+ rN+ Will- Str+2 Int+6}
  7735 | D:7      | Reached skill level 5 in Invocations
  7965 | D:7      | Found a burning altar of Makhleb.
  7965 | D:7      | Found a shimmering altar of Xom.
  8066 | D:7      | Found a shimmering blue altar of Sif Muna.
  8218 | D:8      | Noticed a two-headed ogre
  8320 | D:8      | Received a gift from Nemelex Xobeh
  8348 | D:8      | Found a blossoming altar of Fedhas.
  8373 | D:8      | Reached skill level 5 in Short Blades
  8373 | D:8      | Reached skill level 5 in Long Blades
  8373 | D:8      | Reached skill level 5 in Axes
  8373 | D:8      | Reached skill level 5 in Maces & Flails
  8373 | D:8      | Reached skill level 5 in Polearms
  8373 | D:8      | Reached skill level 5 in Staves
  8373 | D:8      | Reached skill level 5 in Ranged Weapons
  8373 | D:8      | Reached skill level 5 in Throwing
  8373 | D:8      | Reached skill level 5 in Armour
  8373 | D:8      | Reached skill level 5 in Stealth
  8373 | D:8      | Reached skill level 5 in Shields
  8373 | D:8      | Reached skill level 5 in Evocations
  8373 | D:8      | Reached XP level 10. HP: 76/76 MP: 16/20
  8555 | D:8      | Killed a two-headed ogre
  9505 | D:9      | Received a gift from Nemelex Xobeh
  9505 | D:9      | Found the +15 Maxwell's patent armour {-Cast -Tele rElec
                  | Will+ rCorr}
  9552 | D:9      | Found a staircase to the Lair.
  9693 | D:9      | Found a staircase to the Orcish Mines.
  9696 | D:9      | Reached *** piety under Nemelex Xobeh
  9766 | D:9      | Reached skill level 9 in Unarmed Combat
  9768 | D:9      | Reached skill level 5 in Conjurations
  9768 | D:9      | Reached skill level 5 in Hexes
  9768 | D:9      | Reached skill level 5 in Summonings
  9768 | D:9      | Reached skill level 5 in Necromancy
  9768 | D:9      | Reached skill level 5 in Translocations
  9768 | D:9      | Reached skill level 5 in Fire Magic
  9768 | D:9      | Reached skill level 5 in Ice Magic
  9768 | D:9      | Reached skill level 5 in Air Magic
  9768 | D:9      | Reached skill level 5 in Earth Magic
  9768 | D:9      | Reached skill level 5 in Poison Magic
  9838 | D:9      | Reached XP level 11. HP: 83/83 MP: 18/22
 10366 | D:10     | Entered Level 10 of the Dungeon
 10473 | D:10     | Acquired the +2 helmet "Ipra" {rN+}
 10486 | D:10     | Acquired a +4 demon whip of venom
 10583 | D:10     | Noticed a +0 hand axe
 10592 | D:10     | Noticed a +0 hand axe
 10593 | D:10     | Found a hide-covered altar of Uskayaw.
 10596 | D:10     | Received a gift from Nemelex Xobeh
 10804 | D:10     | Noticed an oklob plant
 10872 | D:10     | an oklob plant changed into a thorn hunter
 10872 | D:10     | Noticed a thorn hunter
 10875 | D:10     | HP: 3/100 [thorn hunter (7)]
 10875 | D:10     | Killed from afar by a thorn hunter

Illustrated notes

Levels and vault maps discovered:
D:1:      evilmike_arrival_fibonacci_small, layout_loops_ring
D:2:      layout_loops_cross, serial_shops, shop, minmay_nonomino_d4,
          uniq_crazy_yiuf_cottage, uniq_sigmund, uniq_robin
D:3:      layout_loops_ring, lemuel_coloured_pillars_altar
D:4:      layout_loops_ring, temple_pool_b, minmay_ogre_servants
D:5:      layout_loops_ring, grunt_gozag_statues, portal_sewer_entry_f,
          uniq_menkaure
D:6:      layout_rooms, mainiacjoe_overflow_chevrons,
          chequers_temple_overflow_statue_of_worship,
          mainiacjoe_overflow_brackets
D:7:      layout_loops_ring, grunt_temple_overflow_champion_of_chaos,
          kennysheep_orc_sif_temple, serial_shops, shop
D:8:      minmay_s_stair_smasher, layout_loops_ring, lemuel_round_altar,
          minmay_liquid_box, dreamdust_princess_bridge
D:9:      layout_loops_ring, david_lair_shrubbed, orc_0_dummy,
          dreamdust_deal_with_the_devil, serial_bayou_lagoon_a
D:10:     lemuel_slime, layout_basic, dancing_weapons_uskayaw,
          blue_anna_alchemist
Temple:   dpeg_chambers_temple

Skill      XL: |  1  2  3  4  5  6  7  8  9 10 11 |
---------------+----------------------------------+-----
Spellcasting   | 5 6 7 8 |  8.3
Fighting       | 3 4 5 6 7 |  7.0
Short Blades   | 1 2 3 5 6 |  6.5
Long Blades    | 1 2 3 5 6 |  6.5
Axes           | 1 2 3 5 6 |  6.5
Maces & Flails | 1 2 3 5 6 |  6.5
Polearms       | 1 2 3 5 6 |  6.5
Staves         | 1 2 3 5 6 |  6.5
Ranged Weapons | 1 2 3 5 6 |  6.5
Throwing       | 1 2 3 5 6 |  6.5
Armour         | 1 2 3 5 6 |  6.5
Stealth        | 1 2 3 5 6 |  6.5
Shields        | 1 2 3 5 6 |  6.5
Conjurations   | 1 2 3 4 5 |  5.3
Hexes          | 1 2 3 4 5 |  5.3
Summonings     | 1 2 3 4 5 |  5.3
Necromancy     | 1 2 3 4 5 |  5.3
Translocations | 1 2 3 4 5 |  5.3
Transmutations | 4 5 6 |  6.7
Fire Magic     | 1 2 3 4 5 |  5.3
Ice Magic      | 1 2 3 4 5 |  5.3
Air Magic      | 1 2 3 4 5 |  5.3
Earth Magic    | 1 2 3 4 5 |  5.3
Poison Magic   | 1 2 3 4 5 |  5.3
Invocations    | 1 2 3 4 5 6 7 |  7.1
Evocations     | 1 2 3 5 6 |  6.5
Dodging        | 5 6 7 8 |  8.0
Unarmed Combat | 7 8 9 |  9.3

Action                   |  1- 3 |  4- 6 |  7- 9 | 10-12 || total
-------------------------+-------+-------+-------+-------++-------
Melee: Unarmed           |    53 |   144 |   362 |   227 ||   786
       Kick              |     5 |       |       |       ||     5
       Bite              |     4 |       |     2 |       ||     6
       Punch             |     1 |       |       |       ||     1
       Headbutt          |     2 |       |       |       ||     2
 Cast: Beastly Appendage |    17 |       |       |       ||    17
       Spider Form       |     1 |    28 |    48 |       ||    77
       Wereblood         |       |     4 |     9 |     9 ||    22
       Ice Form          |       |       |     2 |    15 ||    17
Invok: Draw Destruction  |       |       |     2 |     6 ||     8
       Draw Escape       |       |       |       |     2 ||     2
  Use: Scroll            |       |     1 |    11 |     4 ||    16
       Potion            |       |       |     1 |       ||     1
 Stab: Sleeping          |     1 |     1 |     4 |     4 ||    10
Armor: Robe              |     5 |     1 |     4 |       ||    10
       Skin              |       |    11 |    18 |    48 ||    77
Dodge: Dodged            |    23 |   138 |   289 |    79 ||   529

Table legend: (Time is in decaauts)
 A = Elapsed time spent in this place.
 B = Non-inter-level travel time spent in this place.
 C = Inter-level travel time spent in this place.
 D = Time resting spent in this place.
 E = Time spent auto-exploring this place.
 F = Levels seen in this place.
 G = Mean time per level.
                   A        B        C        D        E       F      G
               +--------+--------+--------+--------+--------+-----+--------+
         Total |  10882 |  10625 |    257 |    462 |   7919 |  12 |  906.8 |
       Dungeon |   9969 |   9733 |    236 |    365 |   7431 |  10 |  996.9 |
        Temple |    225 |    204 |     21 |      0 |    193 |   1 |  225.0 |
         Sewer |    686 |    686 |      0 |     97 |    294 |   1 |  686.0 |
               +--------+--------+--------+--------+--------+-----+--------+

Top non-repeatable levels by time:
     D:6: 1332 daAuts
     D:4: 1139 daAuts
     D:9: 1083 daAuts
     D:8: 1034 daAuts
     D:5: 1018 daAuts
     D:7: 990 daAuts
     D:2: 986 daAuts
     D:3: 975 daAuts
     D:1: 915 daAuts
   Sewer: 686 daAuts
    D:10: 494 daAuts
  Temple: 225 daAuts
